 Dungeon Crawl Stone Soup version 0.30.1-11-g7821555f0a (webtiles) character file.

Game seed: 15031637346012860717

48 Cheops the Chiller (level 3, -2/31 HPs)
             Began as an Ogre Ice Elementalist on Oct 29, 2023.
             Slain by an orc
             ... wielding a +0 mace
              (5 damage)
             ... on level 3 of the Dungeon.
             The game lasted 00:04:35 (1715 turns).

Cheops the Chiller (Ogre Ice Elementalist)          Turns: 1715, Time: 00:04:36

Health: -2/31      AC:  3    Str: 12    XL:     3   Next: 72%
Magic:  5/7        EV:  9    Int: 18    God:
Gold:   100        SH:  0    Dex:  9    Spells: 1/8 levels left

rFire   . . .        a - staff of poison
rCold   . . .        i - orb {*Rage}
rNeg    . . .        d - +0 robe
rPois   +            (helmet restricted)
rElec   .            (no cloak)
rCorr   .            (gloves unavailable)
SInv    .            (boots unavailable)
Will    .....        (no amulet)
Stlth   +            (no ring)
HPRegen 0.25/turn    (no ring)
MPRegen 0.10/turn

%: random rage (20%)
@: on berserk cooldown, slowed, very slow
A: large, unfitting armour, tough skin 1
a: no special abilities


You were on level 3 of the Dungeon.
You visited 1 branch of the dungeon, and saw 3 of its levels.

You collected 100 gold pieces.

Inventory:

Hand Weapons
 b - the +1 sling "Kaseisko" {flame, Dex+3}
   (You found it on level 2 of the Dungeon)

   Dex:       It affects your dexterity (+3).
 j - a +0 sling of freezing
Missiles
 h - 3 large rocks
Armour
 d - a +0 robe (worn)
 i - an orb of wrath (worn)
Magical Staves
 a - a staff of poison (weapon)
 c - a staff of conjuration
Jewellery
 f - an amulet of guardian spirit
Scrolls
 e - 3 scrolls of identify {unknown}
 g - a scroll of fear {unknown}
 k - a scroll of acquirement {unknown}
 n - a scroll of blinking {unknown}
 A - 2 scrolls of teleportation {unknown}
Potions
 l - 2 potions of magic
 m - a potion of flight {unknown}


   Skills:
 + Level 0.1 Maces & Flails
 - Level 1.7 Dodging
 - Level 1.4 Stealth
 - Level 3.0 Spellcasting
 * Level 4.5 Ice Magic


You had one spell level left.
You knew the following spells:

 Your Spells              Type           Power      Damage    Failure   Level
a - Freeze                Ice            76%        1d8       2%          1
c - Ozocubu's Armour      Ice            19%        N/A       8%          3
r - Frozen Ramparts       Ice            38%        1d6       8%          3

Your spell library contained the following spells:

 Spells                   Type           Power      Damage    Failure   Level
 Hailstorm                Conj/Ice       10%        3d5       19%         3
 Vhi's Electric Charge    Tloc/Air       4%         N/A       43%         3
 Summon Ice Beast         Ice/Summ       10%        N/A       54%         4
 Arcjolt                  Conj/Air       1%         1d11      99%         5
 Plasma Beam              Fire/Air       1%         2x1d12    100%        6


Dungeon Overview and Level Annotations

Branches:
Dungeon (3/15)

Altars:


Innate Abilities, Weirdness & Mutations

You are too large for most types of armour.
You have tough skin. (AC +1)


Message History

The frozen ramparts melt away.
The orc priest hits you with a +0 mace.
You barely miss the orc priest.
The orc priest is moderately wounded.
The orc priest hits you with a +0 mace.
* * * LOW HITPOINT WARNING * * *
You closely miss the orc priest.
The orc priest is moderately wounded.
The orc priest hits you with a +0 mace.
* * * LOW HITPOINT WARNING * * *
The orc completely misses you.
You are too berserk!
You are too berserk!
You hit the orc priest!
The orc priest is almost dead.
You barely miss the orc priest.
The orc priest is almost dead.
The orc hits you with a +0 mace.
* * * LOW HITPOINT WARNING * * *
The orc priest mumbles some strange prayers to Beogh against you.
Beogh smites you!
* * * LOW HITPOINT WARNING * * *
You hit the orc priest but do no damage.
The orc priest is almost dead.
The orc priest hits you with a +0 mace.
* * * LOW HITPOINT WARNING * * *
The orc closely misses you.
You closely miss the orc priest.
The orc priest is almost dead.
The orc closely misses you.
The orc priest mumbles some strange prayers to Beogh against you.
You barely resist. You closely miss the orc priest.
The orc priest is almost dead.
The orc priest closely misses you. The orc completely misses you.
You hit the orc priest!
You kill the orc priest!
You are no longer berserk.
You are exhausted.
You feel yourself slow down. The orc hits you with a +0 mace.
You die...

## #.
#.
#.###
#..!
#..#
#.@#
#oS#
#)##
#) #.
#. ..
#.


You could see an adder and an orc.

Vanquished Creatures
  An orc priest (D:3)
  An adder (D:2)
  2 dart slugs
  3 orcs (D:3)
  2 endoplasms
  3 goblins
  2 hobgoblins (D:2)
  4 quokkas
  3 ball pythons
  4 bats
  2 frilled lizards (D:1)
  2 kobolds
  A rat (D:1)
30 creatures vanquished.

Notes
Turn   | Place    | Note
-------+----------+-------------------------------------------
     0 | D:1      | Cheops the Ogre Ice Elementalist began the quest for the
                  | Orb.
     0 | D:1      | Reached XP level 1. HP: 16/16 MP: 3/3
   233 | D:1      | Reached XP level 2. HP: 24/24 MP: 2/5
   938 | D:2      | Reached skill level 4 in Ice Magic
   977 | D:2      | Identified the +1 sling "Kaseisko" {flame, Dex+3}
  1238 | D:2      | Reached XP level 3. HP: 31/31 MP: 4/7
  1242 | D:2      | Learned a level 3 spell: Frozen Ramparts
  1246 | D:2      | Learned a level 3 spell: Ozocubu's Armour
  1715 | D:3      | Slain by an orc

Illustrated notes

Levels and vault maps discovered:
D:1:      pf_arrival_petrified_forest, layout_basic, corexii_leaking_fountain
D:2:      layout_basic
D:3:      layout_loops_ring, nicolae_uskayaw_en_pointe

Skill      XL: |  1  2 |
---------------+-------+-----
Spellcasting   | 3 |  3.0
Ice Magic      | 4 |  4.5
Maces & Flails | |  0.1
Dodging        | |  1.7
Stealth        | |  1.4

Action                     || total
---------------------------++-------
  Melee: Unarmed           ||     1
         Staff             ||    13
   Cast: Freeze            ||    41
         Frozen Ramparts   ||     1
 Armour: Robe              ||    13
  Dodge: Dodged            ||    13
